 Dungeon Crawl Stone Soup version 0.29.1-13-g9f3cf754e1 (webtiles) character file.

Game seed: 285631772485570433

5984 gr33dy the Martial Artist (level 10, -1/67 HPs)
             Began as a Demonspawn Gladiator on Jan 19, 2023.
             Was a Believer of Uskayaw.
             Slain by an orc warlord
             ... wielding a +4 battleaxe
              (31 damage)
             ... in a bailey.
             The game lasted 00:42:45 (12805 turns).

gr33dy the Martial Artist (Demonspawn Gladiator)   Turns: 12805, Time: 00:42:46

Health: -1/67      AC: 23    Str: 15    XL:     10   Next: 55%
Magic:  1/16       EV: 11    Int: 10    God:    Uskayaw [**....]
Gold:   419        SH:  0    Dex: 22    Spells: 12/17 levels left

rFire   . . .      SeeInvis .     - Unarmed
rCold   + . .      Faith    .   (no shield)
rNeg    . . .      Spirit   .   a - +3 scale mail
rPois   .          Reflect  .   y - +2 hat
rElec   +          Harm     .   L - +1 cloak
rCorr   .          Rampage  .   (no gloves)
Will    .....                   F - +2 pair of boots of Compression {rElec Will- Dex+4 Stlth+}
Stlth   ++........              (no amulet)
HPRegen 1.21/turn               J - ring of protection from cold
MPRegen 0.15/turn               (no ring)

@: sanguine armoured
A: claws 2, powered by death 1, sanguine armour 1
a: Renounce Religion, Stomp, Line Pass


You were in a bailey.
You worshipped Uskayaw.
Uskayaw was noncommittal.
You visited 2 branches of the dungeon, and saw 10 of its levels.
You also visited: Bailey.

You collected 523 gold pieces.
You spent 104 gold pieces at shops.

Inventory:

Missiles
 h - 4 silver javelins (quivered)
 R - a poisoned dart
Armour
 a - a +3 scale mail (worn)
 p - a +0 ring mail
 y - a +2 hat (worn)
 D - +0 steam dragon scales
 E - an orb of mayhem
 F - the +2 pair of boots of Compression (worn) {rElec Will- Dex+4 Stlth+}
   (You found it on level 5 of the Dungeon)

   Dex:       It affects your dexterity (+4).
   rElec:     It insulates you from electricity.
   Will:      It decreases your willpower.
   Stlth:     It makes you more stealthy.
 L - a +1 cloak (worn)
 O - +0 acid dragon scales
Jewellery
 J - a ring of protection from cold (left claw)
Wands
 u - a wand of roots (12)
 B - a wand of mindburst (12)
 C - a wand of quicksilver (4)
Scrolls
 e - a scroll of poison {unknown}
 j - 3 scrolls of identify
 m - 8 scrolls of fog
 o - 6 scrolls of teleportation
 q - a scroll of fear {unknown}
 s - 3 scrolls of enchant armour
 w - a scroll of vulnerability {unknown}
 x - 3 scrolls of magic mapping
 G - a scroll of noise {unknown}
 H - a scroll of amnesia {unknown}
 I - 2 scrolls of blinking {unknown}
 K - a scroll of summoning {unknown}
 N - 4 scrolls of enchant weapon {unknown}
Potions
 b - a potion of might {unknown}
 c - a potion of magic {unknown}
 d - a potion of cancellation {unknown}
 f - 4 potions of resistance
 g - 4 potions of ambrosia {unknown}
 i - 4 potions of brilliance {unknown}
 k - 4 potions of invisibility {unknown}
 l - 3 potions of mutation {unknown}
 n - a potion of berserk rage {unknown}
 r - 2 potions of degeneration {unknown}
 t - 5 potions of curing
 v - 2 potions of heal wounds
 z - 3 potions of flight {unknown}
 A - 3 potions of haste {unknown}
 M - 2 potions of lignification {unknown}
 Q - a potion of attraction {unknown}


   Skills:
 - Level 2.0 Fighting
 - Level 1.0 Short Blades
 - Level 2.7 Staves
 - Level 5.0 Throwing
 - Level 5.0 Armour
 - Level 3.0 Dodging
 + Level 1.9 Stealth
 + Level 9.6 Unarmed Combat
 - Level 4.0 Spellcasting
 - Level 4.4 Conjurations
 - Level 4.0 Transmutations
 + Level 4.1 Invocations


You had 12 spell levels left.
You knew the following spells:

 Your Spells              Type           Power      Damage    Failure   Level
a - Irradiate             Conj/Tmut      5%         3d13      99%         5

Your spell library contained the following spells:

 Spells                   Type           Power      Damage    Failure   Level
 Sublimation of Blood     Necr           2%         N/A       80%         2
 Petrify                  Tmut/Erth      6%         N/A       98%         4


Dungeon Overview and Level Annotations

Branches:
Dungeon (9/15)             Temple (1/1) D:7            Lair (0/5) D:8
 Bailey (1/1)
    Orc: D:9-12

Altars:
Cheibriados
Dithmenos
Fedhas
Gozag
Hepliaklqana
Kikubaaqudgha
Makhleb
Nemelex Xobeh
Qazlal
Ru
Sif Muna
Trog
Uskayaw
Vehumet
Wu Jian
Xom
Yredelemnul

Shops:
D:4 !=


Innate Abilities, Weirdness & Mutations

You have very sharp fingernails.
You regenerate a little health from kills.
When seriously injured, your blood forms armour. (AC +6)


Message History

The orc warlord hits you but does no damage.
Training target 3.0 for Dodging reached!
Your Dodging skill increases to level 3!
Unknown command.
Aiming: Line Pass
Press: ? - help, Dir - move target The orc warlord appears confused.
The gnoll appears confused.
The orc warrior appears confused.
The gnoll laughs at nothing.
The orc warrior hits you with a +0 war axe!
Unknown command.
You strike the helpless gnoll from behind!
You scratch the gnoll but do no damage.
The orc warrior chortles and stares into space.
Unknown command.
You catch the helpless gnoll completely off-guard!
You claw the gnoll!
The gnoll is severely wounded.
The orc warlord seems less confused.
You strike the helpless gnoll from behind!
You claw the gnoll!
You kill the gnoll!
The orc warrior seems less confused.
The orc warrior barely misses you.
You claw the orc warrior!
The orc warrior is severely wounded.
The orc warrior hits you but does no damage.
Uskayaw will force your foes to helplessly watch your dance.
You barely miss the orc warrior.
The orc warrior is severely wounded.
The orc warrior closely misses you.
You stomp with the beat, sending a shockwave through the revellers around you!
The orc warlord is moderately wounded.
The orc warrior is almost dead.
The orc warlord hits you but does no damage.
The orc warrior hits you with a +0 war axe.
Unknown command.
You claw the orc warrior!
You kill the orc warrior!
The orc warlord hits you with a +4 battleaxe!!
You die...

#...........# #...).......#
##..)).....## ###
.#'#)....###.## #+#.###
...###.###.....### ###.....###
.....###:........###.........##
......# $........##8..........#
......# $........)#8..........#
⌠.....# $.......@o).)...⌠....∩#
......# $.......))#8..........#
.)....# $........##8..........#
.....###[........###..)......##
...###.###.....###.###))...###
.#'#.....###.###.....#)#.###
##..).)....###.......).###
#...........#...........#
#...........#...........#


You could see an orc warlord.

Vanquished Creatures
  A troll (D:7)
  Sigmund (D:3)
  A wyvern (D:9)
  2 steam dragons (D:9)
  A warg (D:8)
  An acid dragon (D:8)
  A black bear (D:5)
  13 orc warriors
  A sky beast (D:7)
  2 ice beasts
  A centaur (D:8)
  A phantom (D:6)
  A kobold brigand (D:7)
  A bullfrog (D:6)
  Blork the orc (D:4)
  2 necrophages
  A gnoll sergeant (D:5)
  4 scorpions
  8 wights
  12 killer bees
  6 jellies
  3 orc priests
  5 hounds
  2 gnoll boudas
  Ijyb (D:4)
  2 iguanas (D:5)
  4 orc wizards (D:8)
  18 gnolls
  7 adders
  A shadow imp (D:7)
  A white imp (D:6)
  6 worms
  A dart slug (D:5)
  26 orcs
  4 ball pythons
  3 endoplasms
  3 giant cockroaches
  12 hobgoblins
  2 jackals (D:2)
  4 quokkas
  4 bats
  3 frilled lizards (D:3)
  14 goblins
  10 kobolds
  19 rats
217 creatures vanquished.

Vanquished Creatures (collateral kills)
  A hydra (D:9)
  A warg (D:8)
  An orc warrior (D:8)
  An orc priest (D:8)
  2 orcs (D:9)
6 creatures vanquished.

Grand Total: 223 creatures vanquished

Notes
Turn   | Place    | Note
-------+----------+-------------------------------------------
     0 | D:1      | gr33dy the Demonspawn Gladiator began the quest for the
                  | Orb.
     0 | D:1      | Reached XP level 1. HP: 16/16 MP: 1/1
   253 | D:1      | Reached skill level 1 in Short Blades
   253 | D:1      | Gained mutation: You have sharp fingernails. [demonic
                  | ancestry]
   253 | D:1      | Reached XP level 2. HP: 12/22 MP: 2/2
   450 | D:1      | Found a faded altar of an unknown god.
   790 | D:1      | Reached skill level 1 in Unarmed Combat
  1274 | D:2      | Gained mutation: You have very sharp fingernails. [demonic
                  | ancestry]
  1274 | D:2      | Reached XP level 3. HP: 27/27 MP: 3/3
  1275 | D:2      | Found an opulent altar of Gozag.
  1306 | D:2      | Reached skill level 2 in Unarmed Combat
  2102 | D:3      | Reached XP level 4. HP: 11/33 MP: 4/4
  2503 | D:3      | Reached skill level 3 in Unarmed Combat
  2513 | D:3      | Noticed Sigmund
  3023 | D:3      | Killed Sigmund
  3024 | D:3      | Reached skill level 5 in Unarmed Combat
  3024 | D:3      | Reached XP level 5. HP: 7/38 MP: 5/5
  3411 | D:4      | Reached XP level 6. HP: 44/44 MP: 6/6
  3488 | D:4      | Found Muwag's Distillery.
  3495 | D:4      | Bought a potion of heal wounds for 65 gold pieces
  3495 | D:4      | Bought a potion of curing for 39 gold pieces
  3633 | D:4      | Noticed Blork the orc
  3641 | D:4      | Killed Blork the orc
  3941 | D:4      | Found Ejios's Jewellery Shop.
  4377 | D:4      | Noticed Ijyb
  4383 | D:4      | Killed Ijyb
  4721 | D:5      | Entered Level 5 of the Dungeon
  5129 | D:5      | Reached skill level 6 in Unarmed Combat
  5285 | D:5      | Reached XP level 7. HP: 31/50 MP: 7/7
  5465 | D:5      | Identified the +2 pair of boots of Compression {rElec Will-
                  | Dex+4 Stlth+}
  6253 | D:5      | Reached skill level 7 in Unarmed Combat
  6353 | D:5      | Gained mutation: When seriously injured, your blood forms
                  | armour. (AC +6) [demonic ancestry]
  6353 | D:5      | Reached XP level 8. HP: 56/56 MP: 8/8
  6793 | D:6      | Reached skill level 1 in Armour
  7338 | D:6      | Found a basalt altar of Yredelemnul.
  7339 | D:6      | Found a sparkling altar of Nemelex Xobeh.
  7407 | D:6      | Reached skill level 5 in Throwing
  7847 | D:6      | Reached skill level 8 in Unarmed Combat
  7896 | D:6      | Learned a level 5 spell: Irradiate
  8338 | D:7      | Found a staircase to the Ecumenical Temple.
  8343 | Temple   | Entered the Ecumenical Temple
  8529 | D:7      | Reached skill level 1 in Spellcasting
  8529 | D:7      | Reached skill level 1 in Conjurations
  8539 | D:7      | Reached skill level 1 in Transmutations
  8548 | D:7      | Reached XP level 9. HP: 30/61 MP: 10/10
  9153 | D:7      | Noticed a troll
  9164 | D:7      | Killed a troll
  9441 | D:7      | Found a hide-covered altar of Uskayaw.
  9448 | D:7      | Became a worshipper of Uskayaw the Reveller
  9463 | D:7      | Reached * piety under Uskayaw
  9788 | D:7      | Reached ** piety under Uskayaw
 10827 | D:8      | Found a staircase to the Lair.
 11170 | D:8      | Reached *** piety under Uskayaw
 11173 | D:8      | Reached **** piety under Uskayaw
 11432 | D:8      | Found a bloodstained altar of Trog.
 12129 | D:9      | Reached skill level 5 in Armour
 12159 | D:9      | Noticed a four-headed hydra
 12165 | D:9      | Gained mutation: You regenerate a little health from kills.
                  | [demonic ancestry]
 12165 | D:9      | Reached XP level 10. HP: 50/67 MP: 15/15
 12170 | D:9      | Killed a four-headed hydra
 12171 | D:9      | Reached skill level 9 in Unarmed Combat
 12213 | D:9      | Reached skill level 1 in Invocations
 12369 | D:9      | Found a flagged portal.
 12377 | Bailey   | Entered a bailey
 12681 | Bailey   | Reached ***** piety under Uskayaw
 12731 | Bailey   | Reached skill level 1 in Stealth
 12773 | Bailey   | Noticed an orc warlord
 12783 | Bailey   | Found the +4 robe of Folly {Brilliance Will-∞ Int+8}
 12805 | Bailey   | Slain by an orc warlord

Illustrated notes

Levels and vault maps discovered:
D:1:      lightli_iron_boxes, layout_loops_ring, ebering_ecumenical_altar_box
D:2:      layout_basic, basic_altar, amethyst_killhole
D:3:      layout_loops_ring, chequers_serial_rivers_micro_c,
          corexii_corridor_pit, minmay_rat_hole, uniq_sigmund
D:4:      layout_gridville, serial_shops, shop, shop, uniq_ijyb,
          uniq_blork_the_orc
D:5:      layout_gridville
D:6:      layout_basic, mainiacjoe_overflow_divided_tiny
D:7:      layout_basic, nicolae_uskayaw_murder_on_the_dancefloor,
          minmay_temple_entry_arrows
D:8:      layout_basic, mainiacjoe_overflow_big_doors, erik_lair_orcish_takeover
D:9:      layout_loops_ring, lemuel_round_altar, lemuel_tele_altar,
          enter_bailey_2, hangedman_abyss_or_decor_stabs
Temple:   hellmonk_temple_of_storms
Bailey:   bailey_axe_minmay_hex_keep, bailey

Skill      XL: |  1  2  3  4  5  6  7  8  9 10 |
---------------+-------------------------------+-----
Short Blades   | 1 |  1.0
Unarmed Combat | 1 2 5 6 7 8 9 |  9.6
Throwing       | 2 4 5 |  5.0
Armour         | 3 5 |  5.0
Spellcasting   | 1 3 4 |  4.0
Conjurations   | 1 3 4 |  4.4
Transmutations | 1 3 4 |  4.0
Invocations    | 4 |  4.1
Stealth        | 1 |  1.9
Dodging        | 3 |  3.0
Fighting       | |  2.0
Staves         | |  2.7

Action                   |  1- 3 |  4- 6 |  7- 9 | 10-12 || total
-------------------------+-------+-------+-------+-------++-------
Melee: Short sword       |    59 |       |       |       ||    59
       Quarterstaff      |     6 |       |       |       ||     6
       Unarmed           |    59 |   123 |   354 |   160 ||   696
       Punch             |     2 |     1 |    19 |     6 ||    28
Throw: Javelin           |       |     1 |     5 |     1 ||     7
       Throwing net      |       |     1 |     2 |       ||     3
       Dart              |       |       |    18 |       ||    18
Invok: Stomp             |       |       |     7 |     6 ||    13
       Line Pass         |       |       |     1 |     4 ||     5
Evoke: Wand              |       |     2 |     8 |     5 ||    15
  Use: Potion            |       |       |     5 |     2 ||     7
       Scroll            |       |       |     6 |       ||     6
 Stab: Held in net/web   |       |     2 |       |       ||     2
       Distracted        |       |       |     3 |       ||     3
       Sleeping          |       |       |     2 |       ||     2
       Paralysed         |       |       |     1 |    10 ||    11
       Confused          |       |       |     1 |     3 ||     4
Armor: Leather armour    |    12 |       |       |       ||    12
       Ring mail         |    28 |    41 |    20 |       ||    89
       Scale mail        |       |       |   140 |    93 ||   233
Dodge: Dodged            |    63 |    44 |   166 |    95 ||   368
